 Dungeon Crawl Stone Soup version 0.30-a0-166-g5d06c95188 (webtiles) character file.

Game seed: 3176501075845807708

129 qw the Chopper (level 5, -4/32 HPs)
             Began as a Gargoyle Fighter on Sept 28, 2022.
             Slain by an iguana (8 damage)
             ... on level 4 of the Dungeon.
             The game lasted 00:00:53 (2792 turns).

qw the Chopper (Gargoyle Fighter)                   Turns: 2792, Time: 00:00:53

Health: -4/32      AC: 10    Str: 22    XL:     5   Next: 12%
Magic:  5/5        EV:  9    Int:  8    God:
Gold:   239        SH:  5    Dex: 15    Spells: 4/4 levels left

rFire   + . .      SeeInvis .    Y - +1 war axe
rCold   . . .      Faith    .    c - +0 buckler
rNeg    + . .      Spirit   .    b - +0 scale mail
rPois   inf        Reflect  .    (no helmet)
rElec   +          Harm     .    (no cloak)
rCorr   .          Rampage  .    (no gloves)
Will    .....                    (no boots)
Stlth   ..........               (no amulet)
HPRegen 0.10/turn                j - ring of protection from fire
MPRegen 0.09/turn                n - +6 ring of dexterity

@: about to teleport
A: sickness immunity, AC +4, negative energy resistance 1, electricity
resistance, torment resistance 1, petrification resistance
a: no special abilities


You were on level 4 of the Dungeon.
You visited 1 branch of the dungeon, and saw 4 of its levels.

You collected 239 gold pieces.


Innate Abilities, Weirdness & Mutations

You are immune to sickness and miasma.
Your stone body is resilient. (AC +4)
You are immune to poison.
You resist negative energy. (rN+)
You are resistant to electric shocks. (rElec)
You are resistant to unholy torment.
You are immune to petrification.


   Skills:
 - Level 3.2 Fighting
 - Level 4.7 Axes
 - Level 3.2 Armour
 + Level 0.0 Dodging
 - Level 3.2 Shields


You had 4 spell levels left.
You didn't know any spells.
Your spell library was empty.

Inventory:

Hand Weapons
 g - a +0 club
 Y - a +1 war axe (weapon)
Armour
 b - a +0 scale mail (worn)
 c - a +0 buckler (worn)
Jewellery
 j - a ring of protection from fire (left hand)
 n - a +6 ring of dexterity (right hand)
Scrolls
 a - a scroll of identify
Potions
 d - a potion of might
 e - a potion of curing {unknown}
 i - 2 potions of attraction
 k - 2 potions of heal wounds {unknown}
 m - a potion of haste {unknown}

Dungeon Overview and Level Annotations

Branches:
Dungeon (4/15)
 Temple: D:4-7

Altars:
Trog


Message History

The iguana is lightly wounded.
The iguana closely misses you.
You barely miss the iguana.
The iguana is lightly wounded.
The iguana barely misses you.
You hit the iguana but do no damage.
The iguana is lightly wounded.
You hit the endoplasm but do no damage. The endoplasm closely misses you.
You block the iguana's attack.
You barely miss the iguana.
The iguana is lightly wounded.
You slash the endoplasm!
You kill the endoplasm!
The iguana completely misses you.
You slash the iguana!
The iguana is almost dead.
The iguana barely misses you. The iguana bites you!
You closely miss the iguana.
The iguana is almost dead.
The iguana barely misses you.
You barely miss the iguana.
The iguana is almost dead.
The iguana closely misses you.
You hit the iguana but do no damage.
The iguana is almost dead.
The iguana misses you. The iguana bites you!
You completely miss the iguana.
The iguana is almost dead.
The iguana bites you.
You barely miss the iguana.
The iguana is almost dead.
The iguana bites you.
2791 ||| READING scroll of teleportation.
As you read the scroll of teleportation, it crumbles to dust.
You feel strangely unstable. The iguana barely misses you.
You barely miss the iguana.
The iguana is almost dead.
The iguana bites you!
You die...

...####..........####..
.........###........'..
#.#####.######.#####..
....?.......##.#......
###.###.###.##.#.###..
............##.. +..
####........#### #..
####............ #..
#....@......###. #..
#.###l......# #.. .
#.......# ... #.......#
#.......# ......!.+
#.......# .........


You could see an iguana.

Vanquished Creatures
  A hound (D:3)
  4 adders
  2 dart slugs (D:3)
  12 endoplasms
  2 giant cockroaches
  5 goblins
  8 hobgoblins
  3 jackals (D:1)
  A quokka (D:1)
  6 ball pythons
  A bat (D:3)
  2 frilled lizards
  3 kobolds
  5 rats
55 creatures vanquished.

Notes
Turn   | Place    | Note
-------+----------+-------------------------------------------
     0 | D:1      | qw the Gargoyle Fighter began the quest for the Orb.
     0 | D:1      | Reached XP level 1. HP: 14/14 MP: 1/1
     0 | D:1      | 0 ||| qw: Version: 0.2-a-12-gaebbb33
     0 | D:1      | 0 ||| qw: Game counter: 1015
     0 | D:1      | 0 ||| qw: Always use a shield: true
     0 | D:1      | 0 ||| qw: God list: Okawaru
     0 | D:1      | 0 ||| qw: Allow faded altars: false
     0 | D:1      | 0 ||| qw: Do Orc after D:15 true
     0 | D:1      | 0 ||| qw: Do second Lair branch before Depths: true
     0 | D:1      | 0 ||| qw: Lair rune preference: random
     0 | D:1      | 0 ||| qw: Plans: Normal, Zot:1-4, God:TSO, Crypt, Tomb,
                  | Pan, Slime:5, Hells, Abyss, Orb
     0 | D:1      | 0 ||| PLANNING D:1-11
    68 | D:1      | Reached skill level 2 in Axes
    75 | D:1      | Found a faded altar of an unknown god.
   209 | D:1      | 209 ||| Stepping ~*~*~tactically~*~*~ (stealth).
   210 | D:1      | 210 ||| Stepping ~*~*~tactically~*~*~ (stealth).
   220 | D:1      | Reached XP level 2. HP: 17/19 MP: 2/2
   538 | D:1      | 538 ||| Stepping ~*~*~tactically~*~*~ (stealth).
   539 | D:1      | 539 ||| Stepping ~*~*~tactically~*~*~ (stealth).
   870 | D:1      | 870 ||| UPGRADING to ring of protection from fire.
   871 | D:1      | 871 ||| READING 2 scrolls labelled QOHEL YFOCU.
   872 | D:1      | 872 ||| READING scroll labelled ONOPNOI AFRAOD.
   873 | D:1      | 873 ||| READING scroll labelled MOEGHIUVIY.
   874 | D:1      | 874 ||| READING scroll labelled NIB LED QUSTIFAMO.
   875 | D:1      | 875 ||| DROPPING scroll of immolation.
   948 | D:2      | Reached skill level 3 in Axes
   948 | D:2      | Reached XP level 3. HP: 23/23 MP: 3/3
  1503 | D:2      | 1503 ||| DROPPING +6 ring of intelligence.
  1504 | D:2      | 1504 ||| READING scroll labelled EHOTUM GETIMI.
  1507 | D:2      | 1507 ||| READING scroll labelled KUMPES RUPISUI.
  1508 | D:2      | 1508 ||| READING 2 scrolls of identify.
  1508 | D:2      | 1508 ||| IDENTIFYING bubbling puce potion
  1553 | D:3      | 1553 ||| Stepping ~*~*~tactically~*~*~ (hiding).
  1661 | D:3      | 1661 ||| Stepping ~*~*~tactically~*~*~ (stealth).
  1945 | D:3      | Reached XP level 4. HP: 28/28 MP: 4/4
  2027 | D:3      | Reached skill level 4 in Axes
  2215 | D:3      | 2215 ||| Stepping ~*~*~tactically~*~*~ (stealth).
  2217 | D:3      | 2217 ||| Stepping ~*~*~tactically~*~*~ (stealth).
  2218 | D:3      | 2218 ||| Stepping ~*~*~tactically~*~*~ (stealth).
  2270 | D:3      | 2270 ||| Stepping ~*~*~tactically~*~*~ (stealth).
  2441 | D:3      | Reached XP level 5. HP: 32/32 MP: 5/5
  2633 | D:3      | 2633 ||| UPGRADING to +6 ring of dexterity.
  2634 | D:3      | 2634 ||| READING scroll labelled JUNIV VAUKH.
  2635 | D:3      | 2635 ||| READING scroll labelled PEUXZA OMPUAFO.
  2636 | D:3      | 2636 ||| READING scroll labelled VINWAI NESUFE.
  2720 | D:4      | 2720 ||| Stepping ~*~*~tactically~*~*~ (stealth).
  2757 | D:4      | Found a bloodstained altar of Trog.
  2790 | D:4      | HP: 4/32 [iguana (6)]
  2791 | D:4      | 2791 ||| READING scroll of teleportation.
  2792 | D:4      | Slain by an iguana

Levels and vault maps discovered:
D:1:      reono_arrival_forest_river, layout_basic,
          shapermc_ecumenical_altar_starsandcircs, nrook_mini_backslash
D:2:      layout_loops_cross, minmay_misc_feat_more_columns
D:3:      layout_loops_ring, minmay_misc_feat_alley
D:4:      layout_basic, mainiacjoe_overflow_small_starburst, serial_shops,
          nicolae_lakefront_shop

Skill      XL: |  1  2  3  4 |
---------------+-------------+-----
Axes           | 2 3 4 |  4.7
Fighting       | |  3.2
Armour         | |  3.2
Shields        | |  3.2

Action                   |  1- 3 |  4- 6 || total
-------------------------+-------+-------++-------
Melee: War axe           |    83 |    61 ||   144
  Use: Scroll            |     7 |     4 ||    11
Armor: Scale mail        |    40 |    26 ||    66
Dodge: Dodged            |    27 |    29 ||    56
Block: Buckler           |    15 |     8 ||    23

Table legend:
 A = Non-vault XP
 B = Vault XP
 C = Vault XP percentage of total XP
 D = Non-vault monster count
 E = Vault monster count
 F = Vault count percentage of total count
                 A         B        C        D         E       F
            +---------+---------+-------+---------+---------+-------
      Total |     185 |       0 |   0.0 |      55 |       0 |   0.0
            +---------+---------+-------+---------+---------+-------
        D:1 |      29 |       0 |   0.0 |      17 |       0 |   0.0
        D:2 |      30 |       0 |   0.0 |      10 |       0 |   0.0
        D:3 |     124 |       0 |   0.0 |      27 |       0 |   0.0
        D:4 |       2 |       0 |   0.0 |       1 |       0 |   0.0
            +---------+---------+-------+---------+---------+-------
